 Dungeon Crawl Stone Soup version 0.19-a0-1111-gcceb26a (webtiles) character file.

86465 Gagarin the Eclecticist (level 15, -2/94 HPs)
             Began as a High Elf Ice Elementalist on Aug 10, 2016.
             Was the Champion of Vehumet.
             Slain by a vampire knight
             ... wielding a +2 battleaxe
              (3 damage)
             ... on level 13 of the Dungeon on Aug 11, 2016.
             The game lasted 02:53:03 (28233 turns).

Gagarin the Eclecticist (HEIE)                     Turns: 28233, Time: 02:53:03

Health: -2/94      AC:  9    Str:  8    XL:     15   Next: 40%
Magic:  4/36       EV: 22    Int: 29    God:    Vehumet [******]
Gold:   1457       SH:  0    Dex: 23    Spells: 12 memorised, 3 levels left

rFire  . . .     SeeInvis +     i - +4 great sword "Jatyly Nijoo" {venom, rF+ rN+ Int+3 Dex+2}
rCold  + . .     Gourm    .     m - +2 robe {Archmagi}
rNeg   + . .     Faith    .     (shield currently unavailable)
rPois  .         Spirit   .     K - +1 hat {SInv}
rElec  .         Dismiss  .     n - +0 cloak
rCorr  .         Reflect  .     d - +2 pair of gloves
SustAt .         Harm     .     (no boots)
MR     +....                    a - amulet of magic regeneration
Stlth  ++++......               e - ring of ice
                                j - +5 ring of intelligence

@: about to teleport
A: no striking features
a: Renounce Religion


You were on level 13 of the Dungeon.
You worshipped Vehumet.
Vehumet was exalted by your worship.
You were not hungry.

You visited 4 branches of the dungeon, and saw 22 of its levels.
You also visited: Labyrinth and Sewer.

You collected 1942 gold pieces.
You spent 485 gold pieces at shops.

Inventory:

Hand Weapons
 i - the +4 great sword "Jatyly Nijoo" (weapon) {venom, rF+ rN+ Int+3 Dex+2}
   (You took it off a minotaur in a labyrinth)

   It poisons the flesh of those it strikes.
   It affects your intelligence (+3).
   It affects your dexterity (+2).
   It protects you from fire.
   It protects you from negative energy.
Armour
 d - a +2 pair of gloves (worn)
 m - a +2 robe of the Archmagi (worn)
 n - a +0 cloak (worn)
 K - a +1 hat of see invisible (worn)
Jewellery
 a - an amulet of magic regeneration (around neck)
 e - a ring of ice (right hand)
 j - a +5 ring of intelligence (left hand)
Wands
 p - a wand of lightning (5/15)
 y - a wand of teleportation (6/9)
 F - a wand of flame (3/48)
 L - a wand of flame (28/48)
 M - a wand of digging (13/24)
 N - a wand of polymorph (7/24)
 P - a wand of slowing (13/48)
 Q - a wand of iceblast (12/15)
Scrolls
 h - 8 scrolls of teleportation
 k - 7 scrolls of magic mapping
 o - 12 scrolls of remove curse
 r - 11 scrolls of identify
 v - a scroll of fear
 x - 2 scrolls of enchant weapon
 A - 2 scrolls of amnesia
 H - a scroll of brand weapon {unknown}
 I - a scroll of noise {unknown}
 T - a scroll of fog
Potions
 f - 2 potions of magic {unknown}
 q - a potion of resistance {unknown}
 s - a potion of invisibility {unknown}
 t - a potion of haste {unknown}
 u - 2 potions of might {unknown}
 w - 2 potions of brilliance {unknown}
 z - 4 potions of curing
 B - 7 potions of lignification
 C - 5 potions of agility
 D - 2 potions of degeneration {unknown}
 E - 4 potions of flight
 J - a potion of cancellation {unknown}
 R - a potion of mutation {unknown}
 X - a potion of cure mutation {unknown}
Books
 S - a book of Power

   Spells                             Type                      Level
   a - Fulminant Prism                Conjuration/Hexes            4
   b - Iskenderun's Mystic Blast      Conjuration                  4
   c - Venom Bolt                     Conjuration/Poison           5
   d - Bolt of Magma                  Conjuration/Fire/Earth       5
   e - Iron Shot                      Conjuration/Earth            6
   f - Orb of Destruction             Conjuration                  7
   g - Spellforged Servitor           Conjuration/Summoning        7
Comestibles
 b - 6 beef jerkies
 c - 12 bread rations
 g - 11 meat rations
 l - 15 royal jellies
 O - 9 chunks of flesh


   Skills:
 + Level 5.7 Fighting
   Level 3.1(5.8) Short Blades
 + Level 7.7(8.0) Long Blades
 + Level 10.7 Dodging
 + Level 8.2 Stealth
 + Level 16.0 Spellcasting
 + Level 10.3 Conjurations
 + Level 5.4 Charms
 + Level 4.4 Summonings
 + Level 2.2 Translocations
 + Level 0.2 Transmutations
 + Level 13.1 Ice Magic
 + Level 5.0 Air Magic
 + Level 2.7 Poison Magic
 + Level 1.0 Evocations


You had 3 spell levels left.
You knew the following spells:

 Your Spells              Type           Power        Failure   Level  Hunger
a - Freeze                Ice            ####         0%          1    None
b - Mephitic Cloud        Conj/Pois/Air  ######..     1%          3    None
c - Ozocubu's Armour      Chrm/Ice       ########     1%          3    None
d - Throw Icicle          Conj/Ice       ########     1%          4    None
e - Summon Ice Beast      Ice/Summ       ########     1%          4    None
f - Shock                 Conj/Air       ####         1%          1    None
g - Venom Bolt            Conj/Pois      #######...   1%          5    None
h - Conjure Flame         Conj/Fire      ######..     1%          3    None
i - Force Lance           Conj/Tloc      ######..     1%          4    None
j - Freezing Cloud        Conj/Ice/Air   ########..   2%          6    ###....
k - Passwall              Tmut/Erth      #####.....   2%          2    None
l - Orb of Destruction    Conj           #######...   8%          7    #####..


Dungeon Overview and Level Annotations

Branches:
Dungeon (13/15)            Temple (1/1) D:7            Lair (6/6) D:10
  Swamp (0/4) Lair:2        Snake (0/4) Lair:3        Slime (0/5) Lair:6
    Orc (2/2) D:12            Elf (0/3) Orc:2        Vaults (0/5) D:13

Altars:
Ashenzari
Cheibriados
Dithmenos
Elyvilon
Fedhas
Gozag
Hepliaklqana
Kikubaaqudgha
Makhleb
Nemelex Xobeh
Okawaru
Pakellas
Qazlal
Ru
Sif Muna
Trog
Uskayaw
Vehumet
Xom
Yredelemnul
Zin
The Shining One
Beogh

Shops:
D:4 (   D:8 }   D:10 *   Orc:2 *[%:(

Portals:
Trove: D:11 (give +7 demon whip)

Annotations:
D:8 Psyche


Message History

This wand has 3 charges left.
The vampire knight hits you but does no damage.
The vampire knight bites you!
The vampire knight draws strength from your injuries!
The vampire knight is infused with unholy energy.
* * * LOW HITPOINT WARNING * * *
The vampire knight draws life force from you and is healed!
You feel much better.
The vampire knight hits you with an enchanted battleaxe!!
* * * LOW HITPOINT WARNING * * *
The vampire knight closely misses you.
As you read the scroll of teleportation, it crumbles to dust.
You feel strangely unstable.
The vampire knight hits you with an enchanted battleaxe!
* * * LOW HITPOINT WARNING * * *
The vampire knight barely misses you.
The vampire knight hits you with an enchanted battleaxe!
* * * LOW HITPOINT WARNING * * *
The vampire knight bites you.
You die...

.##..####...#
####...##... ....## ...
##..##...###. ....# ..
..#....#....... .#..# .
..#....#....... .##.#
#### ..##.......####
.....#
##..##...###....##..#
.......
#.†..#..........#....
........ .
#....#..........#....
.##..###
...##:V@....####...##...
.# .##
#...###....##..##...###.
#.V........#....#.......
#..........#....#.......
....####...##.......####
...##..##...###....##..#
. #....#..........#....
#....#..........#....
##.......####...##...


You could see a vampire knight.

Vanquished Creatures
  2 slime creatures (D:13)
  An ettin (Orc:2)
  A minotaur (Lab)
  4 hydras
  9 vault guards
  3 catoblepae (Lair:6)
  The ghost of WhatIsLove the Transmogrifier, a journeyman DrTm of Cheibriados (Orc:2)
  14 death yaks
  Urug (D:10)
  2 skeletal warriors
  An unseen horror (D:10)
  4 hill giants
  An ugly thing (D:12)
  6 orc knights (Orc:1)
  A deep elf mage (D:12)
  3 griffons
  A manticore (D:11)
  7 orc sorcerers
  4 elephants (Lair:4)
  8 black mambas
  A gargoyle (D:10)
  13 spiny frogs
  4 centaur skeletons
  2 rime drakes
  14 komodo dragons
  A queen bee (Lair:5)
  2 meliai (Lair:5)
  8 trolls
  A polar bear (Lair:4)
  31 blink frogs
  3 two-headed ogres
  41 yaks
  A shadow (D:13)
  A wraith (D:12)
  4 wyverns
  3 basilisks
  A hungry ghost (D:10)
  5 humans (Lair:5)
  5 hippogriffs
  A mottled dragon (D:10)
  6 wargs (Orc:2)
  15 water moccasins
  6 porcupines
  27 orc warriors
  2 phantoms
  4 sky beasts
  A necrophage (D:7)
  4 ice beasts
  12 ogres
  3 wolves (Lair:5)
  7 centaurs
  10 crocodiles
  6 big kobolds
  14 giant frogs
  A gnoll sergeant (D:6)
  2 wyvern zombies
  A wyvern skeleton (D:11)
  3 scorpions
  2 troll zombies (D:12)
  36 killer bees
  An electric eel (Lair:2)
  3 howler monkeys
  4 crimson imps
  A quasit (D:7)
  3 giant frog zombies
  9 hounds
  3 jellies
  11 orc priests
  A giant frog skeleton (D:13)
  2 gnoll shamans (D:6)
  50 orc wizards
  9 iguanas
  13 worker ants
  21 sheep
  3 ogre zombies (D:12)
  2 hound zombies
  A hound skeleton (D:8)
  8 gnolls
  63 river rats
  24 adders
  3 shadow imps
  2 worms
  7 dart slugs
  A giant gecko (D:7)
  103 orcs
  7 bats
  5 giant cockroaches
  6 goblins
  7 hobgoblins
  11 jackals
  32 kobolds
  2 quokkas
  3 ball pythons
  2 giant gecko skeletons (D:4)
  3 giant newts
  A goblin skeleton (D:12)
  A hobgoblin skeleton (D:12)
  4 hobgoblin zombies (D:12)
  A jackal skeleton (D:4)
  A jackal zombie (D:7)
  3 orc skeletons (D:12)
  10 orc zombies (D:12)
  A quokka zombie (D:7)
  10 rats
  A spectral orc (D:4)
  3 fungi (Lair:6)
  2 plants (Lair:3)
842 creatures vanquished.

Vanquished Creatures (collateral kills)
  Gastronok (D:8)
  5 death yaks
  A skeletal warrior (D:12)
  A cyclops (Orc:1)
  An elephant (Lair:4)
  Joseph (D:8)
  A spiny frog (Lair:1)
  2 black mambas
  2 rime drakes
  A troll (D:11)
  A blink frog (Lair:6)
  A giant leech (Lair:2)
  A wraith (D:12)
  11 yaks
  2 hungry ghosts (D:12)
  A hippogriff (Lair:6)
  A warg (Orc:1)
  2 water moccasins (Lair:3)
  A porcupine (Lair:1)
  A centaur (D:6)
  3 wolves (Lair:5)
  A crocodile (Lair:1)
  A gnoll sergeant (D:6)
  2 troll zombies (D:12)
  An electric eel (Lair:2)
  A giant frog zombie (D:6)
  A quasit (D:7)
  2 orc wizards
  An orc priest (D:5)
  An iguana (D:8)
  An ogre zombie (D:12)
  2 gnolls (D:6)
  22 river rats
  An adder skeleton (D:6)
  4 orcs
  A goblin zombie (D:12)
  A hobgoblin zombie (D:12)
  2 kobolds (D:6)
  An orc skeleton (D:12)
  3 orc zombies (D:12)
90 creatures vanquished.

Vanquished Creatures (others)
  A human (Lair:5)
  23 fungi
  9 plants
33 creatures vanquished.

Grand Total: 965 creatures vanquished

Notes
Turn   | Place    | Note
-------+----------+-------------------------------------------
     0 | D:1      | Gagarin the High Elf Ice Elementalist began the quest for the Orb.
     0 | D:1      | Reached XP level 1. HP: 11/11 MP: 4/4
   160 | D:1      | Reached XP level 2. HP: 10/17 MP: 2/6
  1020 | D:2      | Reached XP level 3. HP: 19/21 MP: 6/8
  1074 | D:2      | Reached skill level 3 in Spellcasting
  1218 | D:2      | Learned a level 2 spell: Throw Frost
  1222 | D:2      | Learned a level 3 spell: Ozocubu's Armour
  1593 | D:2      | Reached XP level 4. HP: 26/27 MP: 7/10
  2680 | D:3      | Found a burning altar of Makhleb.
  2852 | D:3      | Reached XP level 5. HP: 31/31 MP: 4/11
  3191 | D:3      | Reached skill level 4 in Spellcasting
  3418 | D:4      | Found Jiosh's Weapon Boutique.
  3801 | D:4      | Reached XP level 6. HP: 35/36 MP: 3/13
  4227 | D:4      | Found a basalt altar of Yredelemnul.
  4256 | D:4      | Reached skill level 5 in Spellcasting
  4256 | D:4      | Reached skill level 1 in Charms
  4632 | D:5      | Entered Level 5 of the Dungeon
  4703 | D:5      | Found a glowing drain.
  4726 | D:5      | Reached XP level 7. HP: 28/42 MP: 0/16
  4780 | Sewer    | Entered a sewer
  4991 | Sewer    | Reached skill level 5 in Ice Magic
  5090 | Sewer    | Found a white marble altar of Elyvilon.
  5228 | D:5      | Learned a level 4 spell: Throw Icicle
  5301 | D:5      | Reached skill level 6 in Spellcasting
  5494 | D:5      | Learned a level 4 spell: Summon Ice Beast
  5840 | D:5      | Reached skill level 1 in Short Blades
  6192 | D:5      | Reached XP level 8. HP: 30/47 MP: 13/19
  6652 | D:6      | Found a sparkling altar of Nemelex Xobeh.
  6733 | D:6      | Found a white marble altar of Elyvilon.
  6737 | D:6      | Found a hide-covered altar of Uskayaw.
  6738 | D:6      | Found a glowing silver altar of Zin.
  6739 | D:6      | Found a bloodstained altar of Trog.
  6740 | D:6      | Found a shadowy altar of Dithmenos.
  7104 | D:6      | Reached skill level 7 in Spellcasting
  7600 | D:6      | Reached skill level 1 in Summonings
  7853 | D:6      | Reached skill level 1 in Fighting
  8029 | D:5      | Reached skill level 5 in Dodging
  8463 | D:6      | Reached XP level 9. HP: 34/53 MP: 0/21
  8721 | D:6      | Reached skill level 8 in Spellcasting
  8880 | D:6      | Noticed a troll
  8888 | D:6      | Killed a troll
  9658 | D:7      | Found a staircase to the Ecumenical Temple.
  9668 | D:7      | Reached skill level 9 in Spellcasting
  9780 | Temple   | Entered the Ecumenical Temple
  9876 | Temple   | Became a worshipper of Vehumet
 10888 | D:8      | Noticed Joseph
 10922 | D:8      | Reached * piety under Vehumet
 10922 | D:8      | Offered knowledge of Flame Tongue by Vehumet.
 10925 | D:8      | Killed Joseph
 11002 | D:8      | You fall through a shaft for 3 floors!
 11005 | D:11     | Noticed a troll
 11012 | D:11     | Reached XP level 10. HP: 60/60 MP: 15/24
 11136 | D:10     | Entered Level 10 of the Dungeon
 11176 | D:10     | Reached skill level 10 in Spellcasting
 11440 | D:8      | Reached skill level 1 in Evocations
 11665 | D:8      | Noticed Psyche
 11791 | D:8      | Noticed Gastronok
 11813 | D:8      | Killed Gastronok
 12117 | D:8      | Found Kack's Gadget Boutique.
 12714 | D:9      | Reached ** piety under Vehumet
 12714 | D:9      | Offered knowledge of Shock by Vehumet.
 12728 | D:9      | Learned a level 1 spell: Shock
 12958 | D:9      | Noticed a hill giant
 12964 | D:9      | Killed a hill giant
 12964 | D:9      | Reached skill level 5 in Stealth
 12964 | D:9      | Reached skill level 11 in Spellcasting
 13266 | D:9      | Found a stormy altar of Qazlal.
 13465 | D:10     | Found Tias's General Store.
 13472 | D:10     | Bought the +4 robe of Light {rElec} for 485 gold pieces
 13519 | D:10     | Reached XP level 11. HP: 46/65 MP: 19/27
 13744 | D:10     | Reached skill level 5 in Conjurations
 13763 | D:10     | Offered knowledge of Mephitic Cloud by Vehumet.
 13768 | D:10     | Learned a level 3 spell: Mephitic Cloud
 14009 | D:10     | Noticed Urug
 14117 | D:10     | Reached skill level 10 in Ice Magic
 14198 | D:10     | Found a staircase to the Lair.
 14229 | D:10     | Noticed an unseen horror
 14235 | D:10     | Killed an unseen horror
 14400 | D:10     | Killed Urug
 14421 | D:10     | Reached skill level 12 in Spellcasting
 14441 | Lair:1   | Entered Level 1 of the Lair of Beasts
 14540 | Lair:1   | Reached skill level 1 in Air Magic
 14542 | Lair:1   | Reached *** piety under Vehumet
 14661 | Lair:1   | Learned a level 5 spell: Venom Bolt
 14794 | Lair:1   | Found a labyrinth entrance.
 14809 | Lair:1   | Offered knowledge of Conjure Flame by Vehumet.
 14817 | Lab      | Entered a labyrinth
 14998 | Lab      | Noticed a minotaur
 15010 | Lab      | Killed a minotaur
 15014 | Lab      | Got an encrusted great sword {venom}
 15021 | Lab      | Identified the Reference Book on Gliding Enchantment
 15023 | Lab      | Got a jewelled hand crossbow
 15057 | Lair:1   | Identified the +4 great sword "Jatyly Nijoo" {venom, rF+ rN+ Int+3 Dex+2} (You took it off a minotaur in a labyrinth)
 15058 | Lair:1   | Identified the +9 hand crossbow of Emnecwe {venom, rC+ SInv} (You found it in a labyrinth)
 15371 | Lair:1   | Reached **** piety under Vehumet
 15377 | Lair:1   | Learned a level 3 spell: Conjure Flame
 15746 | Lair:2   | Reached skill level 1 in Long Blades
 15826 | Lair:2   | Offered knowledge of Force Lance by Vehumet.
 15837 | Lair:2   | Reached XP level 12. HP: 30/72 MP: 15/29
 15843 | Lair:2   | Learned a level 4 spell: Force Lance
 16031 | Lair:2   | Found a staircase to the Swamp.
 16797 | Lair:3   | Reached skill level 1 in Translocations
 16804 | Lair:3   | Found a staircase to the Snake Pit.
 16823 | Lair:3   | Reached ***** piety under Vehumet
 16823 | Lair:3   | Reached skill level 13 in Spellcasting
 16827 | Lair:3   | Offered knowledge of Freezing Cloud by Vehumet.
 16860 | Lair:3   | Learned a level 6 spell: Freezing Cloud
 17137 | Lair:3   | Found a sacrificial altar of Ru.
 17239 | Lair:3   | Reached skill level 1 in Poison Magic
 17541 | Lair:3   | Noticed a seven-headed hydra
 17594 | Lair:3   | Killed a seven-headed hydra
 18828 | Lair:4   | Found a blossoming altar of Fedhas.
 18874 | Lair:4   | Reached XP level 13. HP: 57/78 MP: 12/31
 18880 | Lair:4   | Reached skill level 14 in Spellcasting
 20590 | Lair:1   | Learned a level 2 spell: Passwall
 21405 | Lair:5   | Offered knowledge of Lightning Bolt by Vehumet.
 21490 | Lair:5   | Reached skill level 5 in Long Blades
 21638 | Lair:6   | Entered Level 6 of the Lair of Beasts
 21715 | Lair:6   | Found a staircase to the Slime Pits.
 21902 | Lair:6   | Reached skill level 5 in Charms
 21904 | Lair:6   | Reached XP level 14. HP: 71/85 MP: 16/33
 22250 | Lair:6   | Reached ****** piety under Vehumet
 22252 | Lair:6   | Reached skill level 15 in Spellcasting
 22476 | Lair:6   | Offered knowledge of Yara's Violent Unravelling by Vehumet.
 22476 | Lair:6   | Reached skill level 10 in Dodging
 23953 | D:11     | Found a portal to a secret trove of treasure.
 24117 | D:12     | Found a staircase to the Orcish Mines.
 24128 | D:12     | Offered knowledge of Orb of Destruction by Vehumet.
 24188 | D:12     | Learned a level 7 spell: Orb of Destruction
 24194 | Orc:1    | Entered Level 1 of the Orcish Mines
 24454 | Orc:2    | Entered Level 2 of the Orcish Mines
 24487 | Orc:2    | Found Rasawaev's Weapon Shop.
 24574 | Orc:2    | Noticed WhatIsLove's ghost (journeyman DrTm)
 24922 | Orc:1    | Reached skill level 5 in Fighting
 25346 | Orc:2    | Found a staircase to the Elven Halls.
 25520 | Orc:2    | Found Sysma's Armour Emporium.
 25530 | Orc:2    | Found Gudunloxe's General Store.
 25531 | Orc:2    | Offered knowledge of Poisonous Cloud by Vehumet.
 25648 | Orc:2    | Found a roughly hewn altar of Beogh.
 25710 | Orc:2    | Found Veovvit's Food Boutique.
 25710 | Orc:2    | Found Coqaubb's Book Emporium.
 25712 | Orc:2    | Reached XP level 15. HP: 88/92 MP: 23/35
 25858 | Orc:2    | Killed WhatIsLove's ghost
 25858 | Orc:2    | Reached skill level 10 in Conjurations
 27408 | D:13     | Found a gate to the Vaults.
 27420 | D:13     | Reached skill level 5 in Air Magic
 27617 | D:13     | Offered knowledge of Ozocubu's Refrigeration by Vehumet.
 27929 | D:13     | Reached skill level 16 in Spellcasting
 28233 | D:13     | HP: 1/94 [vampire knight/enchanted battleaxe (13)]
 28233 | D:13     | Slain by a vampire knight

Vault maps used:
D:1:      minmay_arrival_five_plusses, minmay_misc_feat_doors
D:3:      bloody_makhleb
D:4:      yredelemnul_forgotten_temple_becter, serial_shops, shop
D:5:      first_bread, portal_sewer_entry_b
D:6:      kennysheep_housing_project, minitemple, nemelex_diamond_rough_becter
D:8:      serial_shops, shop, kennysheep_generic_room_15, uniq_gastronok,
          uniq_joseph, uniq_psyche
D:9:      grunt_qazlal_clouds
D:10:     lair_0_dummy, serial_shops, nicolae_shop_stone, uniq_urug
D:11:     enter_trove_5
D:12:     zombieorc2_lemuel, minmay_liquid_box, grunt_ogre_cave
D:13:     kennysheep_scales, erik_vaults_2
Temple:   regret_index_temple_waves
Lair:1:   lab_entry_generic, grunt_megastairs_5, infiniplex_staircase_pool_2
Lair:2:   minmay_swamp_entry_worms, serial_bayou_shore_b
Lair:3:   minmay_snake_entry_six_corridors, basic_altar
Lair:4:   basic_altar, beast_lair_carwin_6, serial_bayou_shore_b
Lair:5:   slaughterhouse, special_room, minmay_stone_trees_medium,
          wad_woods_road_03
Lair:6:   evilmike_catoblepas_cave, slime_dummy, st_stairs_12,
          serial_bayou_shore_b
Orc:1:    special_room
Orc:2:    st_orc_town, serial_shops, nicolae_shop_trees
Lab:      labyrinth_mini_lab, nicolae_lab_flowing_pool, nicolae_lab_hexagon,
          nicolae_lab_diamond, lab_statue, lab_hedge, nicolae_lab_checkerboard
Sewer:    sewer_kobolds

Skill      XL: |  1  2  3  4  5  6  7  8  9 10 11 12 13 14 15 |
---------------+----------------------------------------------+-----
Spellcasting   | 3 4 5 6 7 9 11 12 13 14 15 16 | 16.0
Ice Magic      | 4 5 6 8 9 10 11 12 13 | 13.1
Dodging        | 3 4 5 6 7 8 9 10 | 10.7
Stealth        | 3 4 5 6 7 8 |  8.2
Charms         | 1 2 3 4 5 |  5.4
Conjurations   | 2 3 4 5 7 9 10 | 10.3
Short Blades   | 1 2 3 |  3.1
Summonings     | 1 3 4 |  4.4
Fighting       | 1 2 3 4 5 |  5.7
Evocations     | 1 |  1.0
Air Magic      | 1 2 3 4 5 |  5.0
Long Blades    | 1 3 5 7 |  7.7
Translocations | 1 2 |  2.2
Poison Magic   | 1 2 |  2.7
Transmutations | |  0.2

Action                   |  1- 3 |  4- 6 |  7- 9 | 10-12 | 13-15 || total
-------------------------+-------+-------+-------+-------+-------++-------
Melee: Unarmed           |     1 |       |       |       |       ||     1
       Short sword       |    12 |    14 |       |       |       ||    26
       Dagger            |       |    75 |   281 |   162 |       ||   518
       Great sword       |       |       |       |   160 |   552 ||   712
 Cast: Freeze            |    34 |    80 |   171 |   157 |     2 ||   444
       Throw Frost       |     6 |    26 |    47 |     8 |       ||    87
       Ozocubu's Armour  |       |    11 |    18 |    36 |    48 ||   113
       Throw Icicle      |       |       |    51 |   114 |   167 ||   332
       Summon Ice Beast  |       |       |    18 |    43 |    22 ||    83
       Shock             |       |       |       |    43 |     8 ||    51
       Mephitic Cloud    |       |       |       |    26 |    38 ||    64
       Venom Bolt        |       |       |       |    17 |    39 ||    56
       Force Lance       |       |       |       |    14 |    66 ||    80
       Freezing Cloud    |       |       |       |     7 |    50 ||    57
       Conjure Flame     |       |       |       |     1 |     3 ||     4
       Orb of Destructio |       |       |       |       |     3 ||     3
       Passwall          |       |       |       |       |     1 ||     1
Evoke: Wand              |       |       |     6 |    14 |     3 ||    23
  Use: Scroll            |       |       |     6 |    16 |     5 ||    27
       Potion            |       |       |       |     1 |     3 ||     4
 Stab: Sleeping          |     1 |     8 |     3 |    11 |    12 ||    35
       Distracted        |       |     3 |       |     1 |     1 ||     5
       Confused          |       |       |       |     2 |    10 ||    12
  Eat: Chunk             |     2 |    11 |    21 |    29 |    31 ||    94
       Pizza             |       |       |     2 |       |       ||     2
       Fruit             |       |       |     1 |     1 |       ||     2
       Meat ration       |       |       |       |       |     1 ||     1
       Beef jerky        |       |       |       |       |     1 ||     1
Armor: Robe              |     5 |    38 |   138 |   146 |   151 ||   478
Dodge: Dodged            |    21 |    92 |   340 |   417 |   543 ||  1413
